 Dungeon Crawl Stone Soup version 0.28-a0-938-gbc3f381ebc (webtiles) character file.

Game seed: 497594320332265598

576 blank1 the Ruffian (level 7, 0/70 HPs)
             Began as a Troll Monk on Nov 28, 2021.
             Was a Priest of Okawaru.
             Slain by a black bear (6 damage)
             ... on level 5 of the Dungeon.
             The game lasted 00:08:02 (4003 turns).

blank1 the Ruffian (Troll Monk)                     Turns: 4003, Time: 00:08:02

Health: 0/70       AC:  4    Str: 21    XL:     7   Next: 13%
Magic:  6/8        EV: 13    Int:  6    God:    Okawaru [***...]
Gold:   177        SH:  0    Dex: 13    Spells: 6/6 levels left

rFire   . . .      SeeInvis .     - Unarmed
rCold   + . .      Faith    .   (no shield)
rNeg    . . .      Spirit   .   f - +0 robe {rC+}
rPois   .          Reflect  .   (helmet restricted)
rElec   .          Harm     .   (no cloak)
rCorr   .          Rampage  .   (gloves unavailable)
Will    .....                   (boots unavailable)
Stlth   +++.......              (no amulet)
HPRegen 1.01/turn               (no ring)
MPRegen 0.11/turn               (no ring)

@: lethally poisoned (0 -> -1), heroic
A: large, unfitting armour, claws 3, regeneration 1, shaggy fur 1, tough skin 1
a: Renounce Religion, Heroism


You were on level 5 of the Dungeon.
You worshipped Okawaru.
Okawaru was most pleased with you.
You visited 1 branch of the dungeon, and saw 5 of its levels.

You collected 177 gold pieces.

Inventory:

Missiles
 r - 5 large rocks (quivered)
Armour
 f - a +0 robe of cold resistance (worn)
Jewellery
 n - a ring of ice
Wands
 j - a wand of mindburst (30)
Scrolls
 a - 2 scrolls of identify {unknown}
 b - a scroll of immolation {unknown}
 c - a scroll of noise {unknown}
 d - a scroll of vulnerability {unknown}
 i - a scroll of teleportation {unknown}
 l - a scroll of enchant armour {unknown}
 o - a scroll of fear {unknown}
Potions
 e - 2 potions of degeneration {unknown}
 g - a potion of cancellation {unknown}
 h - 2 potions of curing {unknown}
 k - 2 potions of haste {unknown}
 m - a potion of might {unknown}
 p - a potion of heal wounds {unknown}


   Skills:
 + Level 4.2(9.2) Fighting
 - Level 4.0(9.0) Dodging
 - Level 1.0(6.0) Stealth
 + Level 4.3(9.3) Unarmed Combat
 - Level 3.0 Invocations
 - Level 1.0 Evocations


You had 6 spell levels left.
You didn't know any spells.
Your spell library contained the following spells:

 Spells                   Type           Power      Damage    Failure   Level
 Magic Dart               Conj           0%         1d3       45%         1
 Pain                     Necr           0%         1d4       45%         1
 Mephitic Cloud           Conj/Pois/Air  0%         N/A       83%         3
 Agony                    Necr           0%         N/A       100%        5
 Excruciating Wounds      Necr           0%         N/A       100%        5
 Call Imp                 Summ           Unusable   N/A       N/A         2

Dungeon Overview and Level Annotations

Branches:
Dungeon (5/15)
 Temple: D:4-7

Altars:
Okawaru

Shops:
D:3 *[*!   D:4 (


Innate Abilities, Weirdness & Mutations

You are too large for most types of armour.
You have claws for hands.
Your natural rate of healing is unusually fast.
You are covered in fur. (AC +1)
You have tough skin. (AC +1)


Message History

The water moccasin is severely wounded.
You feel very sick. The water moccasin bites you.
You are more poisoned.
The water moccasin poisons you!
You mangle the water moccasin!!
You kill the water moccasin!
Okawaru accepts your kill.
You feel very sick.
Training target 3.0 for Invocations reached!
Your Invocations skill increases to level 3!
You need to enable at least one skill for training.
You have reached level 7!
You scratch the black bear.
The black bear is lightly wounded.
You feel very sick. The black bear bites you. The black bear barely misses you.
The black bear claws you but does no damage.
You claw the black bear! You claw the black bear.
The black bear is severely wounded.
You feel very sick.
The black bear goes berserk!
You scratch the black bear but do no damage.
The black bear is severely wounded.
You feel very sick. The black bear bites you.
* * * LOW HITPOINT WARNING * * *
The black bear claws you.
* * * LOW HITPOINT WARNING * * *
The black bear barely misses you.
You feel very sick. The black bear completely misses you.
The black bear barely misses you. The black bear claws you.
* * * LOW HITPOINT WARNING * * *
You feel very sick.
There is a stone staircase leading up here.
You feel sick. The black bear bites you.
* * * LOW HITPOINT WARNING * * *
The black bear claws you.
You die...

####
##.@#
#.h.#
#..##
#....s###
.......
....♣..
... ...
## ....
#...#


You could see a black bear (berserk) and a scorpion.

Vanquished Creatures
  A water moccasin (D:5)
  A centaur (D:4)
  A scorpion (D:4)
  A water moccasin skeleton (D:4)
  2 iguanas (D:4)
  Natasha (twice) (D:4)
  2 hound skeletons (D:4)
  4 adders
  A gnoll (D:1)
  A howler monkey skeleton (D:4)
  A worm (D:2)
  6 dart slugs
  6 orcs
  6 ball pythons
  7 bats
  2 endoplasms
  5 giant cockroaches
  7 goblins
  5 hobgoblins
  4 kobolds (D:1)
  5 quokkas
  A frilled lizard (D:3)
  20 rats
91 creatures vanquished.

Notes
Turn   | Place    | Note
-------+----------+-------------------------------------------
     0 | D:1      | blank1 the Troll Monk began the quest for the Orb.
     0 | D:1      | Reached XP level 1. HP: 22/22 MP: 0/0
   205 | D:1      | Reached XP level 2. HP: 29/29 MP: 1/1
   577 | D:1      | Reached XP level 3. HP: 36/36 MP: 2/2
   856 | D:1      | Found a faded altar of an unknown god.
   864 | D:1      | Prayed at the altar of an unknown god.
   864 | D:1      | Became a worshipper of Warmaster Okawaru
   864 | D:1      | Reached * piety under Okawaru
   864 | D:1      | Reached ** piety under Okawaru
  2044 | D:3      | Reached XP level 4. HP: 45/45 MP: 3/3
  2084 | D:3      | Found Ajoistrir's General Store.
  2164 | D:3      | Found Livie's General Store.
  2175 | D:3      | Found Tazenlan's Antique Armour Boutique.
  2348 | D:3      | Found Ychaolym's Distillery.
  2428 | D:3      | Reached skill level 1 in Invocations
  2555 | D:3      | Reached *** piety under Okawaru
  2834 | D:4      | Reached XP level 5. HP: 53/53 MP: 5/5
  3072 | D:4      | Reached skill level 1 in Evocations
  3088 | D:4      | Reached XP level 6. HP: 42/61 MP: 6/6
  3122 | D:4      | Noticed Natasha
  3156 | D:4      | Killed Natasha
  3381 | D:4      | Received a gift from Okawaru
  3433 | D:4      | Found Biuhoudim's Weapon Boutique.
  3719 | D:4      | Noticed Natasha
  3724 | D:4      | Killed Natasha
  3986 | D:5      | Entered Level 5 of the Dungeon
  3987 | D:5      | Noticed a water moccasin
  3997 | D:5      | Killed a water moccasin
  3998 | D:5      | Reached XP level 7. HP: 37/70 MP: 5/8
  4003 | D:5      | Slain by a black bear

Illustrated notes

Levels and vault maps discovered:
D:1:      scummos_arrival_gate, layout_loops_corners,
          dreamdust_ecumenical_altar_hidden_monk_grotto
D:2:      layout_basic, guppyfry_early_lair_pool
D:3:      layout_loops_ring, serial_shops, shop, shop_statue,
          nicolae_shop_stone, shop, minmay_rat_hole
D:4:      layout_basic, serial_shops, nicolae_inconvenience_store, minivault_24,
          kennysheep_nondescript, nrook_mini_vaults, uniq_natasha
D:5:      layout_loops_ring, fedhas_bush_and_centaur_altar,
          mainiacjoe_overflow_alcove_4, serial_shops, nicolae_shop_trees,
          kennysheep_little_box, nicolae_shop_advertising_works
          [nicolae_subvault_shop_adworks], nicolae_diamond_shop,
          grunt_ministairs_6

Skill      XL: |  1  2  3  4  5  6 |
---------------+-------------------+-----
Dodging        | 3 4 |  4.0
Fighting       | 3 4 |  4.2
Invocations    | 1 2 3 |  3.0
Unarmed Combat | 4 |  4.3
Evocations     | 1 |  1.0
Stealth        | |  1.0

Action                   |  1- 3 |  4- 6 |  7- 9 || total
-------------------------+-------+-------+-------++-------
Melee: Unarmed           |   103 |   123 |     3 ||   229
       Punch             |       |     1 |     1 ||     2
Throw: Javelin           |       |     3 |       ||     3
Invok: Heroism           |       |     1 |       ||     1
 Stab: Sleeping          |     7 |     1 |       ||     8
Armor: Robe              |    23 |    39 |     1 ||    63
Dodge: Dodged            |    49 |    49 |     4 ||   102

Table legend: (Time is in decaauts)
 A = Elapsed time spent in this place.
 B = Non-inter-level travel time spent in this place.
 C = Inter-level travel time spent in this place.
 D = Time resting spent in this place.
 E = Time spent auto-exploring this place.
 F = Levels seen in this place.
 G = Mean time per level.
                   A        B        C        D        E       F      G
               +--------+--------+--------+--------+--------+-----+--------+
         Total |   4003 |   3859 |    144 |     36 |   3121 |   5 |  800.6 |
       Dungeon |   4003 |   3859 |    144 |     36 |   3121 |   5 |  800.6 |
               +--------+--------+--------+--------+--------+-----+--------+

Top non-repeatable levels by time:
     D:4: 1234 daAuts
     D:2: 992 daAuts
     D:1: 895 daAuts
     D:3: 866 daAuts
     D:5: 15 daAuts
